 Dungeon Crawl Stone Soup version 0.17-a0-1798-g879a7aa (webtiles) character file.

23 ololoev the Poker (level 2, -6/24 HPs)
             Began as a Draconian Skald on Sept 10, 2015.
             Mangled by a gnoll
             ... wielding a +0 flail
              (14 damage)
             ... on level 2 of the Dungeon.
             The game lasted 00:00:56 (639 turns).

ololoev the Poker (Draconian Skald)                  Turns: 639, Time: 00:00:57

Health: -6/24      AC:  4    Str: 14    XL:     2   Next: 72%
Magic:  4/5        EV: 11    Int: 12    God:
Gold:   61         SH:  0    Dex: 10    Spells: 2 memorised, 3 levels left

rFire  . . .     SeeInvis .     a - +0 spear
rCold  . . .     Clarity  .     (armour unavailable)
rNeg   . . .     SustAt   .     (no shield)
rPois  .         Gourm    .     (helmet restricted)
rElec  .         Spirit   .     (no cloak)
rCorr  .         Warding  .     (no gloves)
rMut   .         Stasis   .     (no boots)
MR     .....                    (no amulet)
Stlth  +.........               (no ring)
                                (no ring)

@: singing, not resistant to hostile enchantments, very unstealthy
A: unfitting armour, cold-blooded, AC +4
a: Stop Singing


Innate Abilities, Weirdness & Mutations

Your plain brown scales are hard (AC +4).
Your body does not fit into most forms of armour.
You are cold-blooded and may be slowed by cold attacks.

Inventory:

Hand weapons
 a - a +0 spear (weapon)
Scrolls
 d - a scroll of blinking {unknown}
 e - a scroll of identify {unknown}
 g - a scroll of fog {unknown}
Potions
 f - 2 potions of brilliance {unknown}
 h - a potion of curing {unknown}
Books
 b - a book of Battle

   Spells                             Type                      Level
   a - Infusion                       Charms                       1
   b - Shroud of Golubria             Charms/Translocation         2
   c - Song of Slaying                Charms                       2
   d - Spectral Weapon                Hexes/Charms                 3
   e - Regeneration                   Charms/Necromancy            3
Comestibles
 c - a bread ration


   Skills:
 - Level 2.1 Fighting
 + Level 2.7 Polearms
 - Level 1.3 Dodging
 + Level 2.6 Spellcasting
 - Level 2.6 Charms


You had 3 spell levels left.
You knew the following spells:

 Your Spells              Type           Power        Failure   Level  Hunger
a - Infusion              Chrm           #.....       12%         1    #......
b - Song of Slaying       Chrm           #.......     14%         2    ###....


You were on level 2 of the Dungeon.
You were not hungry.

You visited 1 branch of the dungeon, and saw 2 of its levels.

You collected 61 gold pieces.

# .. .##
#.###############..#.#
....................#
#.#####..####''####.
#..###..##........##
#.#...##..........##
#...###......†.....#
#..###......@.......
#..# ......gg.......
#..# .......g.......
....# ...?...........
####.# ......♣..♣.....
#.# .......♣♣......
#.# ....... ...... #.#
......♣ ♣..... #.#

Notes
Turn   | Place    | Note
--------------------------------------------------------------
     0 | D:1      | ololoev the Draconian Skald began the quest for the Orb.
     0 | D:1      | Reached XP level 1. HP: 17/17 MP: 3/3
   237 | D:1      | Reached XP level 2. HP: 16/24 MP: 5/5
   241 | D:1      | Learned a level 2 spell: Song of Slaying
   606 | D:1      | You fall through a shaft!
   639 | D:2      | Mangled by a gnoll

Dungeon Overview and Level Annotations

Branches:
Dungeon (2/15)

Altars:


Message History

The giant newt bites you but does no damage.
A gnoll comes into view. It is wielding a flail.
You barely miss the rat.
Your tail-slap misses the rat.
The rat barely misses you. The giant newt bites you.
You hit the rat.
You kill the rat!
The giant newt misses you.
A gnoll comes into view. It is wielding a spear.
You closely miss the giant newt. The gnoll barely misses you.
The giant newt closely misses you.
You hit the giant newt.
You kill the giant newt!
The gnoll closely misses you.
Attack whom?
Press: ? - help, Dir - move target cursor, f - gnoll
Aim: a gnoll, wielding a halberd You reach to attack!
You closely miss the gnoll.
The gnoll hits you from afar with a halberd!
You are too injured to fight recklessly!
You are too injured to fight recklessly!
You are too injured to fight recklessly!
You are too injured to fight recklessly!
You are too injured to fight recklessly!
You are too injured to fight recklessly!
You are too injured to fight recklessly!
You are too injured to fight recklessly!
You are too injured to fight recklessly!
You are too injured to fight recklessly!
You are too injured to fight recklessly!
You are too injured to fight recklessly!
You are too injured to fight recklessly!
You are too injured to fight recklessly!
You are too injured to fight recklessly!
You are too injured to fight recklessly!
You are too injured to fight recklessly!
You are too injured to fight recklessly!
You are too injured to fight recklessly!
The gnoll hits you with a flail!
Ouch! That really hurt!
You die...

You could see 3 gnolls.

Vanquished Creatures
  A gnoll (D:1)
  A goblin (D:1)
  2 hobgoblins (D:1)
  3 kobolds
  3 bats
  A giant newt (D:2)
  2 rats
13 creatures vanquished.

Action                   || total
-------------------------++-------
Melee: Spear             ||    36
 Cast: Infusion          ||     1
       Song of Slaying   ||     1

Vault maps used:
D:1:      dpeg_arrival_chase
D:2:      kennysheep_big_flooded_room, first_bread
